Connexion

Eagles vs Marlies

Created - 3 janvier 2024 at 06:01

Goals
1 2 3 T
Eagles 3 2 1 6
Marlies 1 0 0 1
Shots
1 2 3 T
Eagles 11 16 10 37
Marlies 9 6 13 28

GoalsPenalties
1st period
1. Eagles , Cooper Marody 22 (David Gustafsson 19) at 2:32 (PP)
2. Eagles , Cooper Marody 23 (Jacob Peterson 17, Kris Russell 17) at 9:59
3. Eagles , Tyler Bozak 15 (David Gustafsson 20, Dan Renouf 24) at 15:59
4. Marlies , Loui Eriksson 21 (Kristian Vesalainen 17, Max McCormick 37) at 17:53
Skyler McKenzie (TOR) for Hooking (Minor) at 2:16
Dylan Blujus (TOR) for Diving (Minor) at 2:47
Calvin De Haan (TOR) for Slashing (Minor) at 11:53
Mitchell Heard (TOR) for Tripping (Minor) at 18:12
2nd period
5. Eagles , Luke Glendening 1 (Brayden Burke 19) at 4:34
6. Eagles , Radek Faksa 10 (William Lockwood 15, Dan Renouf 25) at 12:29
Mark Giordano (COL) for Roughing (Minor) at 10:49
Calvin De Haan (TOR) for Delaying the game (Minor) at 11:21
Tyler Lewington (TOR) for Roughing (Minor) at 16:59
3rd period
7. Eagles , Brayden Burke 16 (Niklas Hansson 4, Daniel Audette 9) at 13:28
Tyler Lewington (TOR) for Elbowing (Minor) at 11:02
Goalie Stats
Cory Schneider (COL), 27 saves from 28 shots - (0,964), W, 22-23-8, 60:00 minutes
Daniel Mannella (TOR), 21 saves from 23 shots - (0,913), 35:26 minutes
Erik Kallgren (TOR), 10 saves from 14 shots - (0,714), L, 16-15-1, 24:34 minutes
3 StarsOfficial
1 - Cooper Marody (COL)
2 - Brayden Burke (COL)
3 - David Gustafsson (COL)
Referees : Brian Pochmara and Brad Meier
Linesman : Lyle Seitz and Michel Cormier
Game Note
Daniel Mannella enters game at 4:34 of 2nd period
Finance
Level 1 -- Attendance: 2000 (100,00%) -- Ticket Income $40,000
Level 2 -- Attendance: 951 (95,10%) -- Ticket Income $14,265
Total Attendance: 2951 (98,37%)
Total Ticket Income: $54,265
Other Income: $10,853
Total Income: $65,118



Team Name Goals Shots Shots Attemp Shots Blocked PIM HIT PP PK FO%
Eagles 6377232151 / 7 (14%)060%
Marlies 12844914220 / 1 (0%)140%

Eagles
Player Name POS G A P +/- PIM HIT SHT SB MP PP MP PP SHT PK MP PK SHT FO% FOT
Brayden BurkeC/LW/RW112200508:310:0000:0000% 0
Cooper MarodyC/RW2021042020:156:1510:0000% 0
Dan RenoufD0222032021:234:0200:1400% 0
Daniel AudetteC011100105:380:4510:00040% 5
David GustafssonC0222036026:366:0020:32152% 29
Gage GoncalvesC000000000:000:0000:0000% 0
Jacob PetersonC/LW0111015020:156:1520:0000% 0
Kris RussellD0111015025:526:4030:1810% 0
Leo KomarovLW000-1031022:154:2810:00050% 2
Luke GlendeningC/RW1010001128:543:5800:25057% 35
Marc-Edouard VlasicD0001002025:526:4010:1800% 0
Mark GiordanoD0001200020:284:0300:0000% 0
Matej PaulovicLW000100007:000:0000:0000% 0
Niklas HanssonD0111000212:580:0000:1400% 0
Radek FaksaC101300208:530:0000:00082% 11
Ty EmbersonD0002000013:260:0100:0000% 0
Tyler BozakC101100307:070:0000:07075% 12
William LockwoodRW0110002022:374:2800:000100% 1
Marlies
Player Name POS G A P +/- PIM HIT SHT SB MP PP MP PP SHT PK MP PK SHT FO% FOT
Cal O'ReillyC000-1025124:480:0506:23060% 35
Calvin De HaanD0000410123:000:3104:1200% 0
Dominik SimonC/LW/RW000-1011021:070:0506:050100% 2
Dylan BlujusD0000212424:530:3205:1000% 0
Grant BesseLW/RW000-1011014:050:0000:0000% 1
Ian McCoshenD000-2011020:570:0004:4900% 0
Josh WesleyD000-2001121:120:0005:0400% 0
Kristian VesalainenLW/RW011-1013016:330:2700:00050% 2
Loui ErikssonLW/RW101-1011016:330:2700:00025% 4
Mathias Brome LW000-1002014:230:0000:18025% 4
Max McCormickC/LW011-2051121:070:2704:20019% 26
Mitchell HeardC000020003:220:0000:00067% 6
Skyler McKenzieLW000020003:220:0000:000100% 1
Tim McGauleyC000-100000:140:0000:0000% 0
Tim SchallerC/LW/RW000-2033018:230:0504:2000% 0
Tyler LewingtonD000-1431014:030:0000:0000% 0
Victor EjdsellC000-1004014:050:0000:00014% 14
Yegor RykovD000-2022115:360:0002:1100% 0



Play-by-Play

1st period


0:01 of 1st period - Cal O'Reilly wins face-off versus Luke Glendening in neutral zone.
1:01 of 1st period - Shot by David Gustafsson.
1:01 of 1st period - Shot Misses the Net.
1:07 of 1st period - Shot by Max McCormick.
1:07 of 1st period - Stopped by Cory Schneider without a rebound.
1:08 of 1st period - Tyler Bozak wins face-off versus Mathias Brome in Eagles zone.
1:44 of 1st period - Shot by Victor Ejdsell.
1:44 of 1st period - Stopped by Cory Schneider with a rebound.
1:46 of 1st period - Shot by Yegor Rykov.
1:46 of 1st period - Stopped by Cory Schneider with a rebound.
1:48 of 1st period - Shot by Tyler Lewington.
1:48 of 1st period - Stopped by Cory Schneider without a rebound.
1:49 of 1st period - Radek Faksa wins face-off versus Loui Eriksson in Eagles zone.
1:57 of 1st period - Off-side.
1:58 of 1st period - Radek Faksa wins face-off versus Mitchell Heard in neutral zone.
2:16 of 1st period - Minor Penalty to Skyler McKenzie for Hooking.
2:17 of 1st period - Dominik Simon wins face-off versus David Gustafsson in Marlies zone.
2:17 of 1st period - Josh Wesley is hit by Cooper Marody and loses puck.
2:30 of 1st period - Shot by David Gustafsson.
2:30 of 1st period - Shot Misses the Net.
2:32 of 1st period - Shot by Cooper Marody.
2:32 of 1st period - Goal by Cooper Marody - Eagles : 1 - Marlies : 0.
2:33 of 1st period - Max McCormick wins face-off versus Luke Glendening in neutral zone.
2:47 of 1st period - Minor Penalty to Dylan Blujus for Diving.
2:48 of 1st period - Cal O'Reilly wins face-off versus David Gustafsson in Marlies zone.
3:15 of 1st period - Shot by Jacob Peterson.
3:15 of 1st period - Stopped by Erik Kallgren without a rebound.
3:16 of 1st period - Luke Glendening wins face-off versus Cal O'Reilly in Marlies zone.
3:50 of 1st period - Off-side.
3:51 of 1st period - David Gustafsson wins face-off versus Max McCormick in neutral zone.
5:21 of 1st period - Brayden Burke is hit by Calvin De Haan and loses puck.
6:16 of 1st period - Shot by Cal O'Reilly.
6:16 of 1st period - Stopped by Cory Schneider without a rebound.
6:17 of 1st period - Max McCormick wins face-off versus Luke Glendening in Eagles zone.
6:38 of 1st period - Shot by Loui Eriksson.
6:38 of 1st period - Shot Misses the Net.
6:59 of 1st period - Icing by Kris Russell.
7:00 of 1st period - Cal O'Reilly wins face-off versus Leo Komarov in Eagles zone.
7:13 of 1st period - Shot by Cal O'Reilly.
7:13 of 1st period - Stopped by Cory Schneider without a rebound.
7:14 of 1st period - David Gustafsson wins face-off versus Victor Ejdsell in Eagles zone.
7:24 of 1st period - Cooper Marody is hit by Yegor Rykov and loses puck.
8:28 of 1st period - Shot by Radek Faksa.
8:28 of 1st period - Stopped by Erik Kallgren without a rebound.
8:29 of 1st period - Daniel Audette wins face-off versus Max McCormick in Marlies zone.
8:49 of 1st period - Off-side.
8:50 of 1st period - Radek Faksa wins face-off versus Mitchell Heard in neutral zone.
9:08 of 1st period - Shot by Mitchell Heard.
9:08 of 1st period - Shot Misses the Net.
9:11 of 1st period - Icing by Niklas Hansson.
9:12 of 1st period - Max McCormick wins face-off versus Radek Faksa in Eagles zone.
9:57 of 1st period - Shot by Jacob Peterson.
9:57 of 1st period - Shot Misses the Net.
9:59 of 1st period - Shot by Cooper Marody.
9:59 of 1st period - Goal by Cooper Marody - Eagles : 2 - Marlies : 0.
10:00 of 1st period - Cal O'Reilly wins face-off versus Tyler Bozak in neutral zone.
10:20 of 1st period - Icing by Dan Renouf.
10:21 of 1st period - Tyler Bozak wins face-off versus Victor Ejdsell in Eagles zone.
11:32 of 1st period - Icing by Marc-Edouard Vlasic.
11:33 of 1st period - Luke Glendening wins face-off versus Max McCormick in Eagles zone.
11:33 of 1st period - Kris Russell is hit by Loui Eriksson.
11:38 of 1st period - Icing by Kris Russell.
11:39 of 1st period - Dominik Simon wins face-off versus Luke Glendening in Eagles zone.
11:40 of 1st period - Shot by Tim Schaller.
11:40 of 1st period - Stopped by Cory Schneider without a rebound.
11:41 of 1st period - Cal O'Reilly wins face-off versus David Gustafsson in Eagles zone.
11:53 of 1st period - Shot by Jacob Peterson.
11:53 of 1st period - Stopped by Erik Kallgren without a rebound.
11:53 of 1st period - Minor Penalty to Calvin De Haan for Slashing.
11:54 of 1st period - David Gustafsson wins face-off versus Cal O'Reilly in Marlies zone.
12:01 of 1st period - Shot by Kris Russell.
12:01 of 1st period - Stopped by Erik Kallgren without a rebound.
12:02 of 1st period - Luke Glendening wins face-off versus Cal O'Reilly in Marlies zone.
12:38 of 1st period - Shot by Dan Renouf.
12:38 of 1st period - Shot Blocked by Dylan Blujus.
13:14 of 1st period - Shot by David Gustafsson.
13:14 of 1st period - Shot Misses the Net.
13:16 of 1st period - Shot by Jacob Peterson.
13:16 of 1st period - Shot Blocked by Max McCormick.
13:18 of 1st period - Shot by Jacob Peterson.
13:18 of 1st period - Stopped by Erik Kallgren without a rebound.
13:19 of 1st period - Cal O'Reilly wins face-off versus David Gustafsson in Marlies zone.
13:40 of 1st period - Shot by David Gustafsson.
13:40 of 1st period - Deflect By Jacob Peterson.
13:40 of 1st period - Shot Misses the Net.
13:42 of 1st period - Shot by Kris Russell.
13:42 of 1st period - Shot Blocked by Josh Wesley.
14:05 of 1st period - Icing by Yegor Rykov.
14:06 of 1st period - Luke Glendening wins face-off versus Victor Ejdsell in Marlies zone.
14:12 of 1st period - Icing by Tyler Lewington.
14:13 of 1st period - William Lockwood wins face-off versus Victor Ejdsell in Marlies zone.
14:55 of 1st period - Shot by Loui Eriksson.
14:55 of 1st period - Shot Misses the Net.
15:30 of 1st period - Shot by Max McCormick.
15:30 of 1st period - Shot Misses the Net.
15:43 of 1st period - Off-side.
15:44 of 1st period - Tyler Bozak wins face-off versus Cal O'Reilly in neutral zone.
15:59 of 1st period - Shot by David Gustafsson.
15:59 of 1st period - Deflect By Tyler Bozak.
15:59 of 1st period - Goal by Tyler Bozak - Eagles : 3 - Marlies : 0.
16:00 of 1st period - Victor Ejdsell wins face-off versus David Gustafsson in neutral zone.
16:22 of 1st period - Icing by David Gustafsson.
16:23 of 1st period - Cal O'Reilly wins face-off versus David Gustafsson in Eagles zone.
17:16 of 1st period - Shot by Brayden Burke.
17:16 of 1st period - Stopped by Erik Kallgren without a rebound.
17:17 of 1st period - Luke Glendening wins face-off versus Max McCormick in Marlies zone.
17:51 of 1st period - Shot by Kristian Vesalainen.
17:51 of 1st period - Shot Blocked by Niklas Hansson.
17:53 of 1st period - Shot by Loui Eriksson.
17:53 of 1st period - Goal by Loui Eriksson - Eagles : 3 - Marlies : 1.
17:54 of 1st period - David Gustafsson wins face-off versus Victor Ejdsell in neutral zone.
18:07 of 1st period - Shot by Mathias Brome .
18:07 of 1st period - Stopped by Cory Schneider without a rebound.
18:08 of 1st period - Mitchell Heard wins face-off versus Tyler Bozak in Eagles zone.
18:12 of 1st period - Minor Penalty to Mitchell Heard for Tripping.
18:13 of 1st period - Cal O'Reilly wins face-off versus David Gustafsson in Marlies zone.
18:30 of 1st period - Shot by David Gustafsson.
18:30 of 1st period - Stopped by Erik Kallgren with a rebound.
18:32 of 1st period - Shot by Marc-Edouard Vlasic.
18:32 of 1st period - Shot Blocked by Dylan Blujus.
18:34 of 1st period - Shot by Kris Russell.
18:34 of 1st period - Shot Misses the Net.
18:36 of 1st period - Shot by Kris Russell.
18:36 of 1st period - Stopped by Erik Kallgren with a rebound.
19:14 of 1st period - Shot by Dan Renouf.
19:14 of 1st period - Shot Misses the Net.
19:30 of 1st period - Shot by Mark Giordano.
19:30 of 1st period - Shot Blocked by Dylan Blujus.
19:32 of 1st period - Shot by Dan Renouf.
19:32 of 1st period - Shot Misses the Net.
Goals for this period are 3 for Eagles vs 1 for Marlies.
Shots for this period are 11 for Eagles vs 9 for Marlies.

2nd period


0:01 of 2nd period - Cal O'Reilly wins face-off versus Luke Glendening in neutral zone.
0:11 of 2nd period - Kris Russell is hit by Dominik Simon and loses puck.
0:24 of 2nd period - Max McCormick is hit by David Gustafsson and loses puck.
0:46 of 2nd period - Shot by Max McCormick.
0:46 of 2nd period - Shot Misses the Net.
0:55 of 2nd period - Icing by Josh Wesley.
0:56 of 2nd period - Loui Eriksson wins face-off versus Luke Glendening in Marlies zone.
0:56 of 2nd period - Kristian Vesalainen is hit by Leo Komarov and loses puck.
1:11 of 2nd period - Shot by Luke Glendening.
1:11 of 2nd period - Shot Misses the Net.
1:13 of 2nd period - Shot by Kris Russell.
1:13 of 2nd period - Stopped by Erik Kallgren without a rebound.
1:14 of 2nd period - Cal O'Reilly wins face-off versus Radek Faksa in Marlies zone.
1:21 of 2nd period - Niklas Hansson is hit by Cal O'Reilly and loses puck.
1:42 of 2nd period - Shot by Tim Schaller.
1:42 of 2nd period - Stopped by Cory Schneider without a rebound.
1:43 of 2nd period - David Gustafsson wins face-off versus Victor Ejdsell in Eagles zone.
2:06 of 2nd period - Shot by Victor Ejdsell.
2:06 of 2nd period - Stopped by Cory Schneider without a rebound.
2:07 of 2nd period - Cal O'Reilly wins face-off versus Luke Glendening in Eagles zone.
2:14 of 2nd period - Shot by Dylan Blujus.
2:14 of 2nd period - Stopped by Cory Schneider with a rebound.
3:01 of 2nd period - Shot by Jacob Peterson.
3:01 of 2nd period - Shot Blocked by Dylan Blujus.
3:05 of 2nd period - Shot by David Gustafsson.
3:05 of 2nd period - Stopped by Erik Kallgren without a rebound.
3:06 of 2nd period - Tyler Bozak wins face-off versus Max McCormick in Marlies zone.
3:12 of 2nd period - Icing by Josh Wesley.
3:13 of 2nd period - David Gustafsson wins face-off versus Loui Eriksson in Marlies zone.
3:21 of 2nd period - Icing by Ian McCoshen.
3:22 of 2nd period - David Gustafsson wins face-off versus Max McCormick in Marlies zone.
4:18 of 2nd period - Icing by Kristian Vesalainen.
4:19 of 2nd period - Radek Faksa wins face-off versus Max McCormick in Marlies zone.
4:34 of 2nd period - Shot by Luke Glendening.
4:34 of 2nd period - Goal by Luke Glendening - Eagles : 4 - Marlies : 1.
4:34 of 2nd period - Daniel Mannella enters game.
4:35 of 2nd period - Cal O'Reilly wins face-off versus Luke Glendening in neutral zone.
4:47 of 2nd period - Icing by Dan Renouf.
4:48 of 2nd period - Victor Ejdsell wins face-off versus Luke Glendening in Eagles zone.
4:52 of 2nd period - Icing by Luke Glendening.
4:53 of 2nd period - Luke Glendening wins face-off versus Cal O'Reilly in Eagles zone.
5:28 of 2nd period - Dan Renouf is hit by Tim Schaller and loses puck.
6:50 of 2nd period - Brayden Burke is hit by Max McCormick.
7:17 of 2nd period - Shot by Mathias Brome .
7:17 of 2nd period - Shot Blocked by Niklas Hansson.
7:25 of 2nd period - Shot by Mathias Brome .
7:25 of 2nd period - Shot Misses the Net.
7:38 of 2nd period - Icing by Ty Emberson.
7:39 of 2nd period - Mitchell Heard wins face-off versus Daniel Audette in Eagles zone.
7:57 of 2nd period - Icing by Dylan Blujus.
7:58 of 2nd period - Mitchell Heard wins face-off versus Luke Glendening in Marlies zone.
9:06 of 2nd period - Shot by David Gustafsson.
9:06 of 2nd period - Shot Misses the Net.
10:38 of 2nd period - Shot by Brayden Burke.
10:38 of 2nd period - Stopped by Daniel Mannella without a rebound.
10:39 of 2nd period - Cal O'Reilly wins face-off versus Luke Glendening in Marlies zone.
10:46 of 2nd period - Shot by Dominik Simon.
10:46 of 2nd period - Shot Misses the Net.
10:49 of 2nd period - Minor Penalty to Mark Giordano for Roughing.
10:50 of 2nd period - Luke Glendening wins face-off versus Loui Eriksson in Eagles zone.
11:12 of 2nd period - Icing by Calvin De Haan.
11:13 of 2nd period - Tyler Bozak wins face-off versus Max McCormick in Marlies zone.
11:14 of 2nd period - Shot by David Gustafsson.
11:14 of 2nd period - Stopped by Daniel Mannella with a rebound.
11:16 of 2nd period - Shot by Kris Russell.
11:16 of 2nd period - Stopped by Daniel Mannella without a rebound.
11:17 of 2nd period - Luke Glendening wins face-off versus Cal O'Reilly in Marlies zone.
11:21 of 2nd period - Minor Penalty to Calvin De Haan for Delaying the game.
11:22 of 2nd period - Cal O'Reilly wins face-off versus Luke Glendening in Marlies zone.
11:41 of 2nd period - Shot by Cal O'Reilly.
11:41 of 2nd period - Stopped by Cory Schneider with a rebound.
12:02 of 2nd period - Tyler Lewington is hit by David Gustafsson and loses puck.
12:27 of 2nd period - Shot by William Lockwood.
12:27 of 2nd period - Shot Hit the Post.
12:29 of 2nd period - Shot by William Lockwood.
12:29 of 2nd period - Deflect By Radek Faksa.
12:29 of 2nd period - Goal by Radek Faksa - Eagles : 5 - Marlies : 1.
12:30 of 2nd period - Cal O'Reilly wins face-off versus Daniel Audette in neutral zone.
12:51 of 2nd period - Icing by Kris Russell.
12:52 of 2nd period - Max McCormick wins face-off versus Daniel Audette in Eagles zone.
13:15 of 2nd period - Shot by Daniel Audette.
13:15 of 2nd period - Stopped by Daniel Mannella with a rebound.
13:17 of 2nd period - Shot by Kris Russell.
13:17 of 2nd period - Stopped by Daniel Mannella without a rebound.
13:18 of 2nd period - David Gustafsson wins face-off versus Cal O'Reilly in Marlies zone.
13:21 of 2nd period - Shot by Jacob Peterson.
13:21 of 2nd period - Stopped by Daniel Mannella without a rebound.
13:22 of 2nd period - Radek Faksa wins face-off versus Victor Ejdsell in Marlies zone.
13:33 of 2nd period - Shot by Victor Ejdsell.
13:33 of 2nd period - Stopped by Cory Schneider without a rebound.
13:34 of 2nd period - Kristian Vesalainen wins face-off versus David Gustafsson in Eagles zone.
13:41 of 2nd period - Shot by Kristian Vesalainen.
13:41 of 2nd period - Stopped by Cory Schneider with a rebound.
13:54 of 2nd period - Icing by Max McCormick.
13:55 of 2nd period - Luke Glendening wins face-off versus Kristian Vesalainen in Marlies zone.
13:56 of 2nd period - Shot by Dan Renouf.
13:56 of 2nd period - Stopped by Daniel Mannella with a rebound.
14:14 of 2nd period - Shot by Leo Komarov.
14:14 of 2nd period - Shot Misses the Net.
14:30 of 2nd period - William Lockwood is hit by Tim Schaller and loses puck.
14:40 of 2nd period - Shot by Calvin De Haan.
14:40 of 2nd period - Shot Misses the Net.
15:35 of 2nd period - Icing by Dan Renouf.
15:36 of 2nd period - Luke Glendening wins face-off versus Max McCormick in Eagles zone.
16:25 of 2nd period - Icing by Kris Russell.
16:26 of 2nd period - Cal O'Reilly wins face-off versus David Gustafsson in Eagles zone.
16:55 of 2nd period - Shot by Tyler Bozak.
16:55 of 2nd period - Stopped by Daniel Mannella without a rebound.
16:56 of 2nd period - Radek Faksa wins face-off versus Mathias Brome in Marlies zone.
16:58 of 2nd period - Brayden Burke is hit by Tyler Lewington and loses puck.
16:59 of 2nd period - Minor Penalty to Tyler Lewington for Roughing.
17:00 of 2nd period - David Gustafsson wins face-off versus Cal O'Reilly in Marlies zone.
17:13 of 2nd period - Shot by Marc-Edouard Vlasic.
17:13 of 2nd period - Shot Misses the Net.
17:15 of 2nd period - Shot by David Gustafsson.
17:15 of 2nd period - Stopped by Daniel Mannella without a rebound.
17:16 of 2nd period - Luke Glendening wins face-off versus Cal O'Reilly in Marlies zone.
17:35 of 2nd period - Shot by Leo Komarov.
17:35 of 2nd period - Stopped by Daniel Mannella with a rebound.
17:41 of 2nd period - Shot by Marc-Edouard Vlasic.
17:41 of 2nd period - Stopped by Daniel Mannella without a rebound.
17:42 of 2nd period - Cal O'Reilly wins face-off versus David Gustafsson in Marlies zone.
18:40 of 2nd period - Icing by Marc-Edouard Vlasic.
18:41 of 2nd period - Mathias Brome wins face-off versus Luke Glendening in Eagles zone.
19:10 of 2nd period - Shot by Brayden Burke.
19:10 of 2nd period - Stopped by Daniel Mannella without a rebound.
19:11 of 2nd period - Tyler Bozak wins face-off versus Victor Ejdsell in Marlies zone.
19:50 of 2nd period - David Gustafsson is hit by Grant Besse and loses puck.
Goals for this period are 2 for Eagles vs 0 for Marlies.
Shots for this period are 16 for Eagles vs 6 for Marlies.

3rd period


0:01 of 3rd period - Cal O'Reilly wins face-off versus Luke Glendening in neutral zone.
0:19 of 3rd period - Icing by Kris Russell.
0:20 of 3rd period - Luke Glendening wins face-off versus Max McCormick in Eagles zone.
0:20 of 3rd period - Luke Glendening is hit by Max McCormick.
0:26 of 3rd period - Shot by Kristian Vesalainen.
0:26 of 3rd period - Stopped by Cory Schneider without a rebound.
0:27 of 3rd period - Cal O'Reilly wins face-off versus David Gustafsson in Eagles zone.
0:42 of 3rd period - Shot by Cal O'Reilly.
0:42 of 3rd period - Stopped by Cory Schneider without a rebound.
0:43 of 3rd period - Luke Glendening wins face-off versus Max McCormick in Eagles zone.
0:43 of 3rd period - Kris Russell is hit by Max McCormick and loses puck.
1:16 of 3rd period - Marc-Edouard Vlasic is hit by Kristian Vesalainen.
1:24 of 3rd period - Shot by Marc-Edouard Vlasic.
1:24 of 3rd period - Shot Blocked by Yegor Rykov.
1:27 of 3rd period - Icing by Tyler Lewington.
1:28 of 3rd period - David Gustafsson wins face-off versus Max McCormick in Marlies zone.
1:28 of 3rd period - David Gustafsson is hit by Tyler Lewington.
1:33 of 3rd period - Jacob Peterson is hit by Tyler Lewington and loses puck.
1:46 of 3rd period - Yegor Rykov is hit by Dan Renouf and loses puck.
2:19 of 3rd period - Shot by Dylan Blujus.
2:19 of 3rd period - Stopped by Cory Schneider with a rebound.
2:21 of 3rd period - Shot by Calvin De Haan.
2:21 of 3rd period - Shot Misses the Net.
2:23 of 3rd period - Shot by Tim Schaller.
2:23 of 3rd period - Stopped by Cory Schneider with a rebound.
2:25 of 3rd period - Shot by Cal O'Reilly.
2:25 of 3rd period - Stopped by Cory Schneider without a rebound.
2:26 of 3rd period - Luke Glendening wins face-off versus Mathias Brome in Eagles zone.
2:32 of 3rd period - Off-side.
2:33 of 3rd period - Radek Faksa wins face-off versus Victor Ejdsell in neutral zone.
2:58 of 3rd period - Icing by Josh Wesley.
2:59 of 3rd period - David Gustafsson wins face-off versus Victor Ejdsell in Marlies zone.
3:18 of 3rd period - Shot by David Gustafsson.
3:18 of 3rd period - Stopped by Daniel Mannella without a rebound.
3:19 of 3rd period - Luke Glendening wins face-off versus Cal O'Reilly in Marlies zone.
3:19 of 3rd period - Luke Glendening is hit by Dylan Blujus.
3:25 of 3rd period - Shot by William Lockwood.
3:25 of 3rd period - Stopped by Daniel Mannella with a rebound.
3:35 of 3rd period - Shot by Dominik Simon.
3:35 of 3rd period - Stopped by Cory Schneider without a rebound.
3:36 of 3rd period - David Gustafsson wins face-off versus Max McCormick in Eagles zone.
3:54 of 3rd period - Max McCormick is hit by Dan Renouf and loses puck.
4:01 of 3rd period - Tyler Lewington is hit by Jacob Peterson and loses puck.
4:10 of 3rd period - Shot by David Gustafsson.
4:10 of 3rd period - Stopped by Daniel Mannella without a rebound.
4:11 of 3rd period - Luke Glendening wins face-off versus Cal O'Reilly in Marlies zone.
4:24 of 3rd period - Shot by William Lockwood.
4:24 of 3rd period - Shot Misses the Net.
5:35 of 3rd period - Shot by David Gustafsson.
5:35 of 3rd period - Shot Misses the Net.
5:37 of 3rd period - Shot by Dan Renouf.
5:37 of 3rd period - Stopped by Daniel Mannella without a rebound.
5:38 of 3rd period - Max McCormick wins face-off versus Tyler Bozak in Marlies zone.
5:47 of 3rd period - Off-side.
5:48 of 3rd period - David Gustafsson wins face-off versus Max McCormick in neutral zone.
6:24 of 3rd period - Kristian Vesalainen is hit by David Gustafsson and loses puck.
6:43 of 3rd period - Icing by Cooper Marody.
6:44 of 3rd period - David Gustafsson wins face-off versus Cal O'Reilly in Eagles zone.
6:44 of 3rd period - David Gustafsson is hit by Cal O'Reilly.
7:00 of 3rd period - Shot by Dylan Blujus.
7:00 of 3rd period - Shot Misses the Net.
7:58 of 3rd period - Victor Ejdsell is hit by Leo Komarov.
8:08 of 3rd period - Shot by Mathias Brome .
8:08 of 3rd period - Shot Misses the Net.
8:15 of 3rd period - Icing by Niklas Hansson.
8:16 of 3rd period - Tyler Bozak wins face-off versus Max McCormick in Eagles zone.
8:16 of 3rd period - Tyler Bozak is hit by Max McCormick.
8:37 of 3rd period - Tyler Bozak is hit by Max McCormick and loses puck.
8:47 of 3rd period - Matej Paulovic is hit by Yegor Rykov and loses puck.
9:09 of 3rd period - Matej Paulovic is hit by Ian McCoshen and loses puck.
9:22 of 3rd period - Shot by Mathias Brome .
9:22 of 3rd period - Stopped by Cory Schneider without a rebound.
9:23 of 3rd period - Skyler McKenzie wins face-off versus David Gustafsson in Eagles zone.
9:23 of 3rd period - Skyler McKenzie is hit by Dan Renouf.
9:45 of 3rd period - Shot by Cooper Marody.
9:45 of 3rd period - Shot Blocked by Cal O'Reilly.
10:01 of 3rd period - Shot by Jacob Peterson.
10:01 of 3rd period - Stopped by Daniel Mannella without a rebound.
10:02 of 3rd period - Luke Glendening wins face-off versus Victor Ejdsell in Marlies zone.
10:17 of 3rd period - Shot by Grant Besse.
10:17 of 3rd period - Shot Misses the Net.
10:19 of 3rd period - Shot by Josh Wesley.
10:19 of 3rd period - Stopped by Cory Schneider with a rebound.
10:21 of 3rd period - Shot by Ian McCoshen.
10:21 of 3rd period - Stopped by Cory Schneider with a rebound.
10:27 of 3rd period - Shot by Victor Ejdsell.
10:27 of 3rd period - Stopped by Cory Schneider without a rebound.
10:28 of 3rd period - Radek Faksa wins face-off versus Max McCormick in Eagles zone.
10:57 of 3rd period - Shot by Luke Glendening.
10:57 of 3rd period - Shot Misses the Net.
10:59 of 3rd period - Shot by Radek Faksa.
10:59 of 3rd period - Deflect By Brayden Burke.
10:59 of 3rd period - Stopped by Daniel Mannella with a rebound.
11:01 of 3rd period - Shot by Luke Glendening.
11:01 of 3rd period - Shot Misses the Net.
11:02 of 3rd period - Minor Penalty to Tyler Lewington for Elbowing.
11:03 of 3rd period - Cal O'Reilly wins face-off versus David Gustafsson in Marlies zone.
11:21 of 3rd period - Dominik Simon is hit by Kris Russell and loses puck.
12:02 of 3rd period - Dominik Simon is hit by Leo Komarov and loses puck.
12:44 of 3rd period - David Gustafsson is hit by Tim Schaller and loses puck.
12:49 of 3rd period - Tim Schaller is hit by Cooper Marody and loses puck.
13:28 of 3rd period - Shot by Brayden Burke.
13:28 of 3rd period - Goal by Brayden Burke - Eagles : 6 - Marlies : 1.
13:29 of 3rd period - Luke Glendening wins face-off versus Max McCormick in neutral zone.
13:44 of 3rd period - Shot by Loui Eriksson.
13:44 of 3rd period - Shot Blocked by Luke Glendening.
14:11 of 3rd period - Icing by Max McCormick.
14:12 of 3rd period - Tyler Bozak wins face-off versus Max McCormick in Marlies zone.
14:15 of 3rd period - Shot by Matej Paulovic.
14:15 of 3rd period - Shot Misses the Net.
14:19 of 3rd period - Shot by Tyler Bozak.
14:19 of 3rd period - Shot Blocked by Calvin De Haan.
14:21 of 3rd period - Shot by Tyler Bozak.
14:21 of 3rd period - Stopped by Daniel Mannella without a rebound.
14:22 of 3rd period - Cal O'Reilly wins face-off versus David Gustafsson in Marlies zone.
14:22 of 3rd period - Cal O'Reilly is hit by Cooper Marody.
14:29 of 3rd period - Josh Wesley is hit by Cooper Marody.
15:37 of 3rd period - Shot by Mathias Brome .
15:37 of 3rd period - Shot Misses the Net.
15:39 of 3rd period - Shot by Yegor Rykov.
15:39 of 3rd period - Stopped by Cory Schneider without a rebound.
15:40 of 3rd period - Daniel Audette wins face-off versus Max McCormick in Eagles zone.
15:49 of 3rd period - Shot by William Lockwood.
15:49 of 3rd period - Shot Misses the Net.
16:01 of 3rd period - Shot by Kristian Vesalainen.
16:01 of 3rd period - Stopped by Cory Schneider without a rebound.
16:02 of 3rd period - David Gustafsson wins face-off versus Grant Besse in Eagles zone.
16:28 of 3rd period - Off-side.
16:29 of 3rd period - Luke Glendening wins face-off versus Cal O'Reilly in neutral zone.
17:20 of 3rd period - Shot by Jacob Peterson.
17:20 of 3rd period - Shot Misses the Net.
17:22 of 3rd period - Shot by Jacob Peterson.
17:22 of 3rd period - Shot Misses the Net.
17:24 of 3rd period - Shot by Kris Russell.
17:24 of 3rd period - Shot Misses the Net.
17:26 of 3rd period - Shot by Marc-Edouard Vlasic.
17:26 of 3rd period - Stopped by Daniel Mannella without a rebound.
17:27 of 3rd period - Tyler Bozak wins face-off versus Max McCormick in Marlies zone.
17:43 of 3rd period - Shot by David Gustafsson.
17:43 of 3rd period - Shot Misses the Net.
18:30 of 3rd period - Off-side.
18:31 of 3rd period - Mitchell Heard wins face-off versus Luke Glendening in neutral zone.
18:43 of 3rd period - Shot by Leo Komarov.
18:43 of 3rd period - Shot Misses the Net.
18:53 of 3rd period - Shot by Kris Russell.
18:53 of 3rd period - Shot Misses the Net.
18:57 of 3rd period - Shot by Luke Glendening.
18:57 of 3rd period - Shot Misses the Net.
18:59 of 3rd period - Shot by William Lockwood.
18:59 of 3rd period - Stopped by Daniel Mannella without a rebound.
19:00 of 3rd period - Radek Faksa wins face-off versus Victor Ejdsell in Marlies zone.
19:15 of 3rd period - Shot by Grant Besse.
19:15 of 3rd period - Stopped by Cory Schneider without a rebound.
19:16 of 3rd period - Leo Komarov wins face-off versus Max McCormick in Eagles zone.
19:24 of 3rd period - Icing by Marc-Edouard Vlasic.
19:25 of 3rd period - Luke Glendening wins face-off versus Cal O'Reilly in Eagles zone.
Goals for this period are 1 for Eagles vs 0 for Marlies.
Shots for this period are 10 for Eagles vs 13 for Marlies.